 Dungeon Crawl Stone Soup version 0.29.1-15-g9cfb28693d (webtiles) character file.

Game seed: 4274255425297661471

804 Thatpatchoflichen the Trooper (level 7, 0/52 (56) HPs)
             Began as a Demonspawn Monk on Mar 4, 2023.
             Slain by a hell rat (7 damage)
             ... in a sewer.
             The game lasted 00:11:02 (6250 turns).

Thatpatchoflichen the Trooper (Demonspawn Monk)     Turns: 6250, Time: 00:11:03

HP:   0/52 (56)     AC: 13    Str: 14    XL:     7   Next: 60%
MP:   7/7           EV: 13    Int: 11    God:
Gold: 285           SH:  4    Dex: 21    Spells: 6/6 levels left

rFire   . . .      SeeInvis .   a - +0 hand axe
rCold   . . .      Faith    .   (no shield)
rNeg    . . .      Spirit   .   n - +0 ring mail
rPois   .          Reflect  .   q - +0 helmet
rElec   .          Harm     .   r - +0 cloak
rCorr   .          Rampage  .   d - +0 pair of gloves
Will    .....                   (no boots)
Stlth   +.........              (no amulet)
HPRegen 0.17/turn               l - +6 ring of dexterity
MPRegen 0.10/turn               (no ring)

@: drained, very slow
A: hooves 1, foul stench 1, icemail 1, condensation shield
a: no special abilities


You were in a sewer.
You visited 1 branch of the dungeon, and saw 5 of its levels.
You also visited: Sewer.

You collected 285 gold pieces.

Inventory:

Hand Weapons
 a - a +0 hand axe (weapon)
Missiles
 s - 7 poisoned darts (quivered)
 u - 2 javelins
Armour
 b - a +0 robe
 d - a +0 pair of gloves (worn)
 n - a +0 ring mail (worn)
 q - a +0 helmet (worn)
 r - a +0 cloak (worn)
Jewellery
 l - a +6 ring of dexterity (left hand)
 A - a +6 ring of strength
Wands
 t - a wand of roots (3)
 x - a wand of flame (5)
Scrolls
 e - a scroll of torment {unknown}
 f - a scroll of fog {unknown}
 i - a scroll of identify {unknown}
 j - a scroll of enchant armour {unknown}
 k - 2 scrolls of immolation {unknown}
 o - 3 scrolls of magic mapping {unknown}
 p - a scroll of enchant weapon {unknown}
 w - a scroll of amnesia {unknown}
 y - a scroll of teleportation {unknown}
Potions
 c - 2 potions of ambrosia
 g - a potion of brilliance {unknown}
 h - a potion of magic {unknown}
 m - 2 potions of might {unknown}
 v - a potion of haste {unknown}
 z - 2 potions of degeneration {unknown}


   Skills:
 + Level 5.2 Fighting
 - Level 4.0 Axes
 + Level 5.1 Armour
 - Level 4.0 Dodging
 - Level 1.7 Stealth


You had 6 spell levels left.
You didn't know any spells.
Your spell library contained the following spells:

 Spells                   Type           Power      Damage    Failure   Level
 Slow                     Hex            0%         N/A       56%         1
 Summon Small Mammal      Summ           0%         N/A       56%         1
 Sublimation of Blood     Necr           0%         N/A       71%         2
 Wereblood                Tmut           0%         N/A       71%         2
 Call Canine Familiar     Summ           0%         N/A       90%         3
 Summon Guardian Golem    Hex/Summ       0%         N/A       90%         3
 Petrify                  Tmut/Erth      0%         N/A       100%        4
 Metabolic Englaciation   Hex/Ice        0%         N/A       100%        5
 Summon Hydra             Summ           0%         N/A       100%        7


Dungeon Overview and Level Annotations

Branches:
Dungeon (5/15)              Sewer (1/1)
 Temple: D:4-7

Altars:
Makhleb
Sif Muna

Shops:
D:4 *   D:5 *

Annotations:
D:5 Dowan, Duvessa


Innate Abilities, Weirdness & Mutations

You have large cloven feet.
You may rarely emit foul miasma when damaged in melee.
A meltable icy envelope protects you from harm. (AC +4)
A meltable shield of frost defends you. (SH +4)


Message History

Moving in this stuff is going to be slow.
You enter the shallow water.
Moving in this stuff is going to be slow.
You see here a river rat corpse.
You open the door.
A hell rat comes into view.
Found six items.
Found a gate leading back out of this place.
There is an open door here.
You enter the shallow water.
Moving in this stuff is going to be slow.
The hell rat roars deafeningly!
Your unstable footing causes you to fumble your attack.
Your unstable footing causes you to fumble your attack.
The hell rat splashes around in the water.
The hell rat bites you!
You hit the hell rat but do no damage. The hell rat misses you.
You hit the hell rat but do no damage.
You kick the hell rat, but do no damage.
The hell rat bites you!
You feel drained.
You hit the hell rat but do no damage. Your kick misses the hell rat.
The hell rat bites you!
The hell rat splashes around in the water.
Your unstable footing causes you to fumble your attack.
The hell rat bites you!
* * * LOW HITPOINT WARNING * * *
You feel drained.
* * * LOW HITPOINT WARNING * * *
You closely miss the hell rat.
You kick the hell rat, but do no damage.
The hell rat misses you. You block the hell rat's attack.
Your unstable footing causes you to fumble your attack.
The hell rat bites you but does no damage.
You hit the hell rat but do no damage. The hell rat barely misses you.
You barely miss the hell rat.
You kick the hell rat, but do no damage.
You punch the hell rat.
The hell rat is lightly wounded.
The hell rat bites you!
You die...

#########
###~~~∩~~~###
###...~~∩.~~.~###
#..~.~#####~~~~.#
##~~.###!∩[###~~.##
#.~.##~=??!?.##...#
#..~#.~.~~~~~.#...#
#~.~##.~~r~~.##.~~#
##~.~###.@~###..~##
#....~##'##~~~~~#
###.~.†..~~..~###
###.~...~.###
#########


You could see a hell rat.

Vanquished Creatures
  Sigmund (D:4)
  A scorpion (D:3)
  A howler monkey (D:5)
  2 jellies (D:3)
  Crazy Yiuf (D:3)
  An orc priest (D:3)
  3 hounds
  Terence (D:3)
  Jessica (D:3)
  3 iguanas (D:5)
  An orc wizard (D:3)
  5 adders
  A river rat (Sewer)
  A worm (D:2)
  3 dart slugs
  5 orcs
  14 endoplasms
  4 giant cockroaches
  11 goblins
  9 hobgoblins
  3 jackals (D:3)
  18 kobolds
  7 quokkas
  8 ball pythons
  11 bats
  3 frilled lizards (D:3)
  11 rats
130 creatures vanquished.

Vanquished Creatures (others)
  6 fungi (D:3)
  7 toadstools (D:3)
13 creatures vanquished.

Grand Total: 143 creatures vanquished

Notes
Turn   | Place    | Note
-------+----------+-------------------------------------------
     0 | D:1      | Thatpatchoflichen the Demonspawn Monk began the quest for
                  | the Orb.
     0 | D:1      | Reached XP level 1. HP: 18/18 MP: 1/1
   735 | D:1      | Gained mutation: A meltable shield of frost defends you.
                  | (SH +4) [demonic ancestry]
   735 | D:1      | Reached XP level 2. HP: 21/24 MP: 2/2
  1127 | D:1      | You fall into a shaft and drop 1 floor!
  1175 | D:2      | Reached skill level 1 in Armour
  1305 | D:1      | Gained mutation: You may rarely emit foul miasma when
                  | damaged in melee. [demonic ancestry]
  1305 | D:1      | Reached XP level 3. HP: 25/29 MP: 3/3
  1348 | D:1      | Found a faded altar of an unknown god.
  2526 | D:2      | Found a burning altar of Makhleb.
  2671 | D:2      | Reached XP level 4. HP: 34/35 MP: 4/4
  2905 | D:3      | Got the Folio of Interference and the Ground
  3176 | D:3      | Noticed Terence
  3193 | D:3      | Killed Terence
  3425 | D:3      | Identified the +8 dagger of the Riding Enemy {freeze,
                  | Fragile rF+ Int+2 Dex+3}
  3517 | D:3      | Noticed a scorpion
  3526 | D:3      | Killed a scorpion
  3527 | D:3      | Reached XP level 5. HP: 14/42 MP: 5/5
  3758 | D:3      | Found a runed translucent door.
  3759 | D:3      | Noticed Crazy Yiuf
  3768 | D:3      | Killed Crazy Yiuf
  3910 | D:3      | Identified the +9 hammer of Ru's Esteem {vorpal, rN+}
  3960 | D:3      | Noticed Jessica
  3969 | D:3      | Killed Jessica
  4109 | D:3      | Discovered your monstrous ancestry.
  4109 | D:3      | Gained mutation: You have large cloven feet. [demonic
                  | ancestry]
  4109 | D:3      | Reached XP level 6. HP: 36/48 MP: 6/6
  4187 | D:3      | Found a shimmering blue altar of Sif Muna.
  4200 | D:3      | Identified the +1 leather armour of Somewhere Else {rC++
                  | Will+ Str-4 Dex+4}
  4955 | D:4      | Found Sog Qigg's General Store.
  5065 | D:4      | Noticed Sigmund
  5092 | D:4      | Killed Sigmund
  5093 | D:4      | Gained mutation: A meltable icy envelope protects you from
                  | harm. (AC +4) [demonic ancestry]
  5093 | D:4      | Reached XP level 7. HP: 8/55 MP: 7/7
  5821 | D:5      | Entered Level 5 of the Dungeon
  6020 | D:5      | Reached skill level 5 in Fighting
  6038 | D:5      | Found Deuh's Assorted Antiques.
  6069 | D:5      | Reached skill level 5 in Armour
  6138 | D:5      | Found a glowing drain.
  6139 | D:5      | Noticed Duvessa
  6139 | D:5      | Noticed Dowan
  6168 | Sewer    | Entered a sewer
  6250 | Sewer    | Slain by a hell rat

Illustrated notes

Levels and vault maps discovered:
D:1:      onia_arrival_mini_maze, layout_loops_corners,
          shapermc_ecumenical_altar_starsandcircs, hangedman_decor_lopped
D:2:      layout_loops_ring, basic_altar
D:3:      cheibrodos_fertilizer, layout_rooms,
          mainiacjoe_overflow_concentric_impassable, kennysheep_generic_room_11,
          uniq_crazy_yiuf_cottage, uniq_terence, uniq_jessica
D:4:      layout_rooms, serial_shops, shop, st_stairs_8, fountainhead,
          uniq_sigmund
D:5:      layout_basic, gup_sewer_entry_glass, serial_shops, kennysheep_mini,
          lemuel_flame_loot_1, uniq_duvessa, uniq_ijyb
Sewer:    sewer_hellmonk_bad_rat

Skill      XL: |  1  2  3  4  5  6  7 |
---------------+----------------------+-----
Axes           | 3 4 |  4.0
Armour         | 1 2 4 5 |  5.1
Dodging        | 3 4 |  4.0
Fighting       | 4 5 |  5.2
Stealth        | |  1.7

Action                   |  1- 3 |  4- 6 |  7- 9 || total
-------------------------+-------+-------+-------++-------
Melee: Hand axe          |   169 |   183 |   124 ||   476
       Punch             |     1 |     3 |     3 ||     7
       Kick              |       |    48 |    31 ||    79
 Stab: Sleeping          |     3 |     1 |       ||     4
Armor: Robe              |    18 |       |       ||    18
       Leather armour    |    29 |       |       ||    29
       Ring mail         |    10 |    73 |    48 ||   131
Dodge: Dodged            |   138 |   148 |    84 ||   370
Block: Other             |    29 |    38 |    27 ||    94
